AoeStats
← 海恩.塞弗罗

Arena

509578715Analyzed
1v1 RM · 4d ago on Sep 27, 2026· 49m 20s· 2 players
Game mode
Random Map
Map size
Tiny (2 player)
Population
200
Speed
Normal
Resources
Standard
Victory
Conquest
Starting age
Dark Age
Ending age
Imperial Age
RankedLock teamsTeams togetherTeam positionsShared explorationLock speedFull tech treeHidden civsTurbo modeCheats
Victory
Defeat
🇨🇳 Danes · China
283
+20
🇪🇸 Turks · Spain
379
-20
海恩.塞弗罗
10:29 Feudal Age
12:16 Wheelbarrow
14:52 Castle Age
12:42 Horse Collar
12:49 Double-Bit Axe
21:59 Loom
27:13 Imperial Age
25:19 Gold Mining
25:42 Bow Saw
25:23 Stone Mining
25:41 Heavy Plow
26:00 Hand Cart
25:31 Town Watch
25:31 Loom
26:44 Ballistics
26:55 Forging
26:45 Scale Mail Armor
27:37 Gold Shaft Mining
27:37 Stone Shaft Mining
27:49 Gambesons
28:33 Squires
28:21 Arson
29:16 Iron Casting
29:54 Chemistry
29:01 Siege Engineers
30:01 Conscription
29:15 Elite Varangian Guard
34:30 Town Patrol
34:23 Elite Jomsviking
34:27 Capped Ram
35:23 Siege Engineers
35:04 Arrowslits
36:22 Blast Furnace
35:37 Chain Mail Armor
38:15 Northmen's Fury
38:34 Siege Ram
42:00 Murder Holes
42:16 Masonry
Mox Gamer4567
0:42 Loom
11:38 Feudal Age
12:23 Double-Bit Axe
13:17 Wheelbarrow
14:42 Scale Barding Armor
16:29 Forging
17:41 Horse Collar
20:35 Bloodlines
21:35 Scale Mail Armor
25:48 Castle Age
24:01 Gold Mining
24:36 Stone Mining
27:34 Chain Barding Armor
28:56 Bow Saw
31:33 Heavy Plow
31:59 Fortified Wall
32:33 Iron Casting
32:09 Husbandry
33:23 Man-at-Arms
34:04 Squires
34:25 Chain Mail Armor
34:02 Fletching
34:39 Long Swordsman
35:50 Hand Cart
35:57 Bodkin Arrow
36:40 Crossbowman
37:23 Padded Archer Armor
38:06 Treadmill Crane
38:23 Murder Holes
39:13 Thumb Ring
40:35 Town Watch
41:29 Leather Archer Armor
41:37 Ballistics
42:31 Masonry
45:41 Imperial Age
44:34 Town Patrol
47:01 Plate Mail Armor
47:08 Plate Barding Armor
46:59 Bracer
46:32 Two-Handed Swordsman
Connection lost

Rejoining the realm…

Still unreachable

The connection could not be restored.

Session expired

The server has moved on; the page needs a fresh start.